 Dungeon Crawl Stone Soup version 0.17-a0-1914-gde4187c (webtiles) character file.

19882 syzygy the Cleaver (level 12, 91/110 HPs)
             Began as a Hill Orc Monk on Sept 26, 2015.
             Was a High Priest of Cheibriados.
             Quit the game on level 4 of the Orcish Mines.
             The game lasted 00:50:09 (15830 turns).

syzygy the Cleaver (Hill Orc Monk)                 Turns: 15830, Time: 00:50:09

Health: 91/110     AC: 20    Str: 30    XL:     12   Next: 73%
Magic:  17/17      EV: 12    Int: 23    God:    Cheibriados [*****.]
Gold:   1586       SH: 19    Dex: 28    Spells: 0 memorised, 11 levels left

rFire  . . .     SeeInvis .     Z - +1 war axe (chop)
rCold  . . .     Clarity  .     R - +0 plate armour
rNeg   . . .     SustAt   .     F - +0 large shield
rPois  .         Gourm    .     X - +1 helmet
rElec  .         Spirit   .     (no cloak)
rCorr  .         Warding  .     c - +1 pair of gloves
rMut   .         Stasis   .     g - +0 pair of boots
MR     +....                    (no amulet)
Stlth  ..........               E - ring of stealth
                                K - ring of protection from magic

@: drained, very slow, somewhat resistant to hostile enchantments, extremely
unstealthy
A: no striking features
a: Bend Time, Temporal Distortion, Slouch, Step From Time, Renounce Religion


You were on level 4 of the Orcish Mines.
You worshipped Cheibriados.
Cheibriados was extremely pleased with you.
You were near starving.

You visited 3 branches of the dungeon, and saw 17 of its levels.

You collected 1586 gold pieces.

Inventory:

Hand weapons
 l - a +0 mace of protection
 O - a +2 spear
 V - the +4 mace of the Forsaken Hells {crush, rElec rC++ Dex+7}
   (You found it on level 10 of the Dungeon)

   It inflicts extra damage upon your enemies.
   It affects your dexterity (+7).
   It greatly protects you from cold.
   It insulates you from electricity.
 Z - a +1 war axe of chopping (weapon)
Missiles
 y - a throwing net (quivered)
Armour
 c - a +1 pair of gloves (worn)
 g - a +0 pair of boots (worn)
 F - a +0 large shield (worn)
 R - a +0 plate armour (worn)
 X - a +1 helmet (worn)
Jewellery
 E - a ring of stealth (right hand)
 K - a ring of protection from magic (left hand)
Magical devices
 u - a wand of polymorph (12)
 x - a wand of digging (12)
 C - a wand of cold (5)
 D - a wand of flame (30)
 S - a wand of digging (16)
 Y - a wand of enslavement (9)
Scrolls
 e - 3 scrolls of remove curse
 f - a scroll of identify
 i - 2 scrolls of enchant weapon {unknown}
 j - a scroll of recharging {unknown}
 m - 3 scrolls of enchant armour {unknown}
 p - 3 scrolls of amnesia {unknown}
 q - a scroll of vulnerability {unknown}
 r - 4 scrolls of random uselessness {unknown}
 s - 2 scrolls of teleportation {unknown}
 t - 4 scrolls of magic mapping {unknown}
 w - a scroll of fog {unknown}
 B - a scroll of silence {unknown}
 J - a scroll of immolation {unknown}
 L - 2 scrolls of noise {unknown}
 M - 2 scrolls of fear {unknown}
 U - a scroll of brand weapon {unknown}
Potions
 a - 2 potions of cancellation
 d - 4 potions of curing
 k - a potion of might
 n - 3 potions of heal wounds
 v - 5 potions of magic
 A - 2 potions of brilliance {unknown}
 G - a potion of invisibility
 P - 2 potions of lignification
 Q - 2 potions of flight
 T - a potion of cure mutation
Books
 I - Mintypha's Easy Thaumaturgy
   (You found it on level 7 of the Dungeon)

   Spells                             Type                      Level
   a - Repel Missiles                 Charms/Air                   2
   b - Ensorcelled Hibernation        Hexes/Ice                    2
   c - Corpse Rot                     Necromancy                   2
   d - Blink                          Translocation                2
   e - Sticks to Snakes               Transmutation                2
Comestibles
 b - 11 bread rations
 h - a beef jerky
 z - 9 fruits
 N - 7 meat rations
 W - a slice of pizza


   Skills:
 * Level 11.5(11.0) Fighting
 * Level 11.6(11.1) Axes
 * Level 10.1(9.6) Armour
 * Level 8.7(8.2) Dodging
 - Level 1.5(1.2) Stealth
 * Level 8.0(7.6) Shields
 - Level 4.3(3.9) Unarmed Combat
 - Level 7.0(6.6) Invocations


You had 11 spell levels left.
You didn't know any spells.

Dungeon Overview and Level Annotations

Branches:
Dungeon (12/15)            Temple (1/1) D:5            Lair (0/8) D:9
    Orc (4/4) D:11            Elf (0/3) Orc:3

Altars:
Ashenzari
Cheibriados
Dithmenos
Elyvilon
Fedhas
Gozag
Kikubaaqudgha
Makhleb
Nemelex Xobeh
Okawaru
Qazlal
Ru
Sif Muna
Trog
Vehumet
Xom
Yredelemnul
Zin
The Shining One

Shops:
D:12 *   Orc:2 *   Orc:3 =   Orc:4 *

Annotations:
Orc:4 Maurice


Message History

The warg is severely wounded.
You block the warg's attack.
You hit the warg.
The warg is almost dead.
The warg bites you!
You closely miss the warg.
The warg is almost dead.
The warg barely misses you.
You slash the warg!
You kill the warg!
Cheibriados thoroughly appreciates the change of pace.
You see here a warg corpse.
Items here: ( )) [ an uncursed battleaxe; an uncursed arbalest; 15 bolts; a plate armour Save game and exit?
Level annotation: Maurice Welcome back, syzygy the Hill Orc Monk.
Cheibriados says: Take it easy.
Press ? for a list of commands and other information.
Are you sure you want to abandon this character and quit the game? (Confirm with "yes".)

..........# ...
P.P...P......#...##
...P.P............#.
.............#......
..................#
.....#........$..##
......#......#....##.P
.........[#@..#....P..
......[)$<.[.†........
.......[(............8
..........................
.................P....∩...
.......$.[.[...#..PP......
..........[[$......P......
......<.)$$$).##....P...P.
..........<.###......PP...


There were no monsters in sight!

Vanquished Creatures
  Donald (Orc:3)
  Erolcha (D:12)
  Fannar (D:11)
  2 orc high priests (Orc:4)
  Sonja (D:11)
  Nergalle (Orc:3)
  A hill giant (D:10)
  An orc knight (Orc:4)
  An orc sorcerer (Orc:3)
  An ugly thing (D:12)
  Joseph (D:7)
  A komodo dragon (D:12)
  The ghost of Copingsaw the Conjurer, an experienced DECj (D:5)
  A merfolk (D:11)
  3 trolls
  2 two-headed ogres
  A trapdoor spider (D:11)
  10 yaks (D:12)
  3 hungry ghosts
  A hippogriff (D:11)
  A steam dragon (D:11)
  2 wargs
  A water moccasin (D:11)
  3 black bears
  A phantom (D:4)
  3 sky beasts
  9 ice beasts
  18 orc warriors
  A necrophage (D:10)
  9 ogres
  4 centaurs
  A crocodile (D:11)
  A big kobold (D:11)
  5 giant frogs
  A wyvern zombie (D:8)
  2 scorpions
  19 killer bees
  A water moccasin skeleton (D:8)
  A crimson imp (D:11)
  A jelly (D:7)
  5 wights (D:8)
  A giant frog zombie (D:8)
  17 orc priests
  3 hounds
  7 worker ants
  5 centaur skeletons
  2 giant frog skeletons
  2 iguanas
  25 orc wizards
  A gnoll shaman (D:5)
  A killer bee zombie (D:7)
  A hound zombie (D:8)
  A hound skeleton (D:7)
  15 adders
  10 gnolls
  A worker ant zombie (D:6)
  3 river rats (D:9)
  2 shadow imps
  2 oozes
  2 adder skeletons
  An adder zombie (D:6)
  2 worms (D:3)
  5 giant geckos
  140 orcs
  7 ball pythons
  14 bats
  6 giant cockroaches
  8 goblins
  8 hobgoblins
  15 jackals
  4 quokkas
  3 giant cockroach zombies
  A giant gecko skeleton (D:6)
  2 giant gecko zombies
  4 giant newts
  6 kobolds
  A quokka skeleton (D:7)
  4 rats
  8 fungi
  7 plants (D:9)
471 creatures vanquished.

Vanquished Creatures (others)
  An orc (D:11)
  A kobold (D:11)
  A fulminant prism (D:5)
  6 fungi
9 creatures vanquished.

Grand Total: 480 creatures vanquished

Notes
Turn   | Place    | Note
--------------------------------------------------------------
     0 | D:1      | syzygy the Hill Orc Monk began the quest for the Orb.
     0 | D:1      | Reached XP level 1. HP: 19/19 MP: 1/1
    62 | D:1      | Reached XP level 2. HP: 25/27 MP: 2/2
   290 | D:1      | Reached skill level 1 in Armour
   412 | D:1      | Reached XP level 3. HP: 23/33 MP: 3/3
  1071 | D:2      | Found a radiant altar of Vehumet.
  1271 | D:2      | Reached XP level 4. HP: 38/41 MP: 4/4
  1640 | D:3      | HP: 2/41 [orc priest/flail (3)]
  2079 | D:3      | Found a shattered altar of Ashenzari.
  2229 | D:3      | Reached XP level 5. HP: 37/47 MP: 5/5
  2688 | D:4      | Found a blossoming altar of Fedhas.
  2879 | D:4      | Reached skill level 5 in Fighting
  2879 | D:4      | Reached skill level 1 in Axes
  3107 | D:4      | Found a burning altar of Makhleb.
  3115 | D:4      | Noticed a black bear
  3131 | D:4      | Killed a black bear
  3131 | D:4      | Reached XP level 6. HP: 4/56 MP: 6/6
  3539 | D:4      | Noticed an ogre
  4061 | D:4      | Noticed an ogre
  4071 | D:4      | Killed an ogre
  4071 | D:4      | Reached XP level 7. HP: 56/61 MP: 7/7
  4125 | D:4      | Killed an ogre
  4308 | D:4      | Noticed a phantom
  4358 | D:4      | Killed a phantom
  4569 | D:4      | Reached skill level 5 in Axes
  4593 | D:4      | Reached skill level 6 in Fighting
  4825 | D:5      | Entered Level 5 of the Dungeon
  5206 | D:5      | Reached XP level 8. HP: 62/70 MP: 8/8
  5268 | D:5      | Noticed Copingsaw's ghost (experienced DECj)
  5282 | D:5      | Killed Copingsaw's ghost
  6063 | D:5      | Found a basalt altar of Yredelemnul.
  6127 | D:5      | Found a staircase to the Ecumenical Temple.
  6134 | Temple   | Entered the Ecumenical Temple
  6175 | Temple   | Became a worshipper of Cheibriados the Contemplative
  6175 | Temple   | Acquired Cheibriados's first power
  6374 | D:6      | Reached skill level 1 in Invocations
  6423 | D:6      | Reached skill level 7 in Fighting
  6775 | D:6      | Reached skill level 5 in Armour
  6775 | D:6      | Reached skill level 5 in Dodging
  6867 | D:6      | Reached XP level 9. HP: 79/79 MP: 10/10
  6904 | D:6      | Acquired Cheibriados's second power
  7741 | D:7      | Reached skill level 1 in Shields
  7763 | D:7      | Noticed Joseph
  7790 | D:7      | Killed Joseph
  7790 | D:7      | Reached skill level 8 in Axes
  7797 | D:7      | Found a stormy altar of Qazlal.
  7882 | D:7      | Identified Mintypha's Easy Thaumaturgy
  8286 | D:8      | Found an ancient bone altar of Kikubaaqudgha.
  8401 | D:8      | Acquired Cheibriados's third power
  8704 | D:8      | Found a shimmering altar of Xom.
  9118 | D:8      | Reached XP level 10. HP: 88/88 MP: 13/13
  9239 | D:9      | Acquired Cheibriados's fourth power
  9498 | D:9      | Reached skill level 9 in Axes
  9588 | D:9      | Found a staircase to the Lair.
  9686 | D:9      | Found a bloodstained altar of Trog.
  9953 | D:9      | Found a sacrificial altar of Ru.
  9960 | D:9      | Found a white marble altar of Elyvilon.
 10303 | D:10     | Entered Level 10 of the Dungeon
 10326 | D:10     | Noticed a hill giant
 10339 | D:10     | Killed a hill giant
 10670 | D:10     | Found a sparkling altar of Nemelex Xobeh.
 10686 | D:10     | Got an ichor-stained mace
 10687 | D:10     | Identified the +4 mace of the Forsaken Hells {crush, rElec rC++ Dex+7} (You found it on level 10 of the Dungeon)
 11041 | D:11     | Noticed Sonja
 11052 | D:11     | Killed Sonja
 11052 | D:11     | Reached skill level 5 in Invocations
 11131 | D:11     | Reached skill level 5 in Shields
 11131 | D:11     | Reached XP level 11. HP: 62/97 MP: 13/15
 11344 | D:11     | Found a staircase to the Orcish Mines.
 11457 | D:11     | Found a frozen archway.
 11460 | D:11     | Reached skill level 10 in Axes
 11523 | D:11     | Noticed Fannar
 11530 | D:11     | Reached skill level 10 in Fighting
 11532 | D:11     | Killed Fannar
 11538 | D:11     | Got a crystal long sword
 11727 | D:11     | Identified the cursed +1 long sword "Defroroo" {freeze, Str+4} (You found it on level 11 of the Dungeon)
 12410 | D:12     | Noticed Erolcha
 12424 | D:12     | Killed Erolcha
 12717 | D:12     | Found Kiomif's Serpentskin Sales.
 12843 | Orc:1    | Entered Level 1 of the Orcish Mines
 13130 | Orc:1    | Reached XP level 12. HP: 74/108 MP: 15/17
 13841 | Orc:2    | Found Qusheshra's Assorted Antiques.
 14176 | Orc:3    | Noticed Donald
 14205 | Orc:3    | Killed Donald
 14205 | Orc:3    | Reached skill level 11 in Fighting
 14362 | Orc:3    | Found a staircase to the Elven Halls.
 14482 | Orc:3    | Found Joesu's Jewellery Boutique.
 14594 | Orc:3    | Noticed Nergalle
 14633 | Orc:3    | Killed Nergalle
 14860 | Orc:3    | You fall through a shaft!
 14860 | Orc:4    | Entered Level 4 of the Orcish Mines
 14878 | Orc:4    | Noticed an orc high priest
 14888 | Orc:4    | Killed an orc high priest
 14893 | Orc:4    | Found Ulecin's General Store.
 15186 | Orc:4    | Reached skill level 10 in Armour
 15194 | Orc:4    | Noticed an orc high priest
 15197 | Orc:4    | Noticed Maurice
 15205 | Orc:4    | Killed an orc high priest
 15207 | Orc:4    | HP: 3/110 [something/wand of cold (7)]
 15830 | Orc:4    | Quit the game

Vault maps used:
D:1:      onia_arrival_pyramid, st_stairs_10, minmay_gold_behind_fungi
D:2:      fiery_altar_vehumet, first_bread
D:3:      ashenzari_conservatory_becter, bh_walls_and_bars
D:4:      overflow_temple_1_default, lemuel_doored_altar
D:5:      yredelemnul_altar_generic, temple_green
D:6:      minmay_misc_feat_chi
D:7:      nicolae_qazlal_style_of_elements, uniq_joseph
D:8:      nicolae_overflow_crystal_walls, lemuel_crystal_altar, enter_bailey_3
D:9:      kennysheep_little_box, amethyst_overflow_temple_binary,
          due_lair_maze_entry_diamond
D:10:     nemelex_diamond_rough_becter
D:11:     david_orc_3, portal_ice_cave_entry_ice_beasts, hangedman_fish_farm,
          uniq_fannar, uniq_sonja
D:12:     hangedman_decor_riveting, guppyfry_shop_venom, uniq_erolcha
Temple:   temple_eino_lava_8
Orc:2:    serial_shops, nicolae_shop_overgrown_old_shop, mines_bat_river
Orc:3:    serial_shops, nicolae_shop_temple_entry_statues_fountains,
          nicolae_orc_pool_cavern, mines2_lemuel, uniq_nergalle, uniq_donald
Orc:4:    grunt_orc_gardens, grunt_orc_garden, grunt_orc_garden,
          grunt_orc_garden, grunt_orc_garden, mines2_david, uniq_maurice

Action                   |  1- 3 |  4- 6 |  7- 9 | 10-12 || total
-------------------------+-------+-------+-------+-------++-------
Melee: Unarmed           |   123 |   167 |       |       ||   290
       War axe           |       |    82 |    91 |   178 ||   351
       Hand axe          |       |       |   477 |   257 ||   734
       Mace              |       |       |       |   463 ||   463
Invok: Slouch            |       |       |       |    12 ||    12
Evoke: Wand              |       |       |     1 |       ||     1
  Use: Potion            |       |       |     1 |     1 ||     2
       Scroll            |       |       |       |    13 ||    13
 Stab: Sleeping          |     1 |       |       |       ||     1
  Eat: Chunk             |     1 |     4 |     9 |    17 ||    31
       Beef jerky        |       |     1 |       |       ||     1
       Pizza             |       |     2 |       |       ||     2
       Meat ration       |       |       |     3 |       ||     3
       Fruit             |       |       |       |     1 ||     1
